 Dungeon Crawl Stone Soup version 0.22.1-2-g9c5b331 (webtiles) character file.

102 WarriorsX the Magician (level 4, -4/33 HPs)
             Began as a Draconian Ice Elementalist on Dec 28, 2018.
             Slain by Sigmund
             ... wielding a +0 scythe
              (5 damage)
             ... on level 3 of the Dungeon.
             The game lasted 00:06:13 (1465 turns).

WarriorsX the Magician (Draconian Ice Elementalist) Turns: 1465, Time: 00:06:14

Health: -4/33      AC:  5    Str: 10    XL:     4   Next: 50%
Magic:  1/10       EV: 12    Int: 16    God:
Gold:   98         SH:  0    Dex: 12    Spells: 10/11 levels left

rFire    . . .     SeeInvis +   (no weapon)
rCold    . . .     Gourm    .   (no shield)
rNeg     . . .     Faith    .   (armour unavailable)
rPois    .         Spirit   .   (helmet restricted)
rElec    .         Reflect  .   g - scarf {repulsion}
rCorr    .         Harm     .   (no gloves)
MR       .....                  (no boots)
Stlth    ++........             (no amulet)
HPRegen  0.11/turn              a - ring of see invisible
MPRegen  0.12/turn              (no ring)

@: very slightly contaminated, repel missiles
A: unfitting armour, cold-blooded, AC +5
a: no special abilities


You were on level 3 of the Dungeon.
You were not hungry.

You visited 1 branch of the dungeon, and saw 3 of its levels.

You collected 98 gold pieces.

Inventory:

Armour
 g - a scarf of repulsion (worn)
Jewellery
 a - a ring of see invisible (left hand)
Scrolls
 c - 4 scrolls of identify {unknown}
 d - a scroll of amnesia {unknown}
 e - a scroll of enchant weapon {unknown}
 f - 2 scrolls of remove curse {unknown}
 j - 2 scrolls of teleportation {unknown}
 k - 2 scrolls of blinking {unknown}
Potions
 i - a potion of ambrosia {unknown}
 l - a potion of haste {unknown}
Comestibles
 b - 6 rations
 m - a chunk of flesh


   Skills:
 - Level 1.7 Dodging
 - Level 1.7 Stealth
 - Level 4.0 Spellcasting
   Level 1.0 Conjurations
 + Level 3.7 Ice Magic


You had 10 spell levels left.
You knew the following spells:

 Your Spells              Type           Power        Failure   Level  Hunger
a - Freeze                Ice            ###.         3%          1    None

Your spell library contained the following spells:

 Spells                   Type           Power        Failure   Level  Hunger
 Throw Frost              Conj/Ice       ##....       10%         2    ##.....
 Ozocubu's Armour         Chrm/Ice       #.......     24%         3    ###....
 Throw Icicle             Conj/Ice       ##......     54%         4    ####...
 Summon Ice Beast         Ice/Summ       #.......     61%         4    ####...


Dungeon Overview and Level Annotations

Branches:
Dungeon (3/15)

Altars:
Cheibriados
Fedhas

Annotations:
D:3 Sigmund


Innate Abilities, Weirdness & Mutations

Your plain brown scales are hard. (AC +5)
You cannot fit into any form of body armour.
You are cold-blooded and may be slowed by cold attacks.


Message History

You miscast Freeze.
Nothing appears to happen.
Sigmund gestures wildly while chanting.
Sigmund flickers and vanishes for a moment.
Casting: Freeze (safe; 3% risk of failure)
Confirm with . or Enter, or press ? or * to list all spells.
Aiming: Freeze (safe; 3% risk of failure)
Press: ? - help, Shift-Dir - straight line, f/p - Sigmund
Aim: Sigmund, wielding a scythe and wearing a robe (severely wounded, slightly You freeze Sigmund.
Sigmund is severely wounded.
Sigmund barely misses you.
Casting: Freeze (safe; 3% risk of failure)
Confirm with . or Enter, or press ? or * to list all spells.
Aiming: Freeze (safe; 3% risk of failure)
Press: ? - help, Shift-Dir - straight line, f/p - Sigmund
Aim: Sigmund, wielding a scythe and wearing a robe (severely wounded, slightly You freeze Sigmund.
Sigmund is almost dead.
Sigmund hits you with a scythe.
You die...

#...........
#..........
##.........#
...........#
...........#
...........#
#.........###..#.
#######'#.........
#..@@.[.#†###..>..
#.......#.# ###.
#.......#.#
..........#.#
###.......#.#
#########.# #.#
#.# ###########.#


You could see Sigmund (invisible).

Vanquished Creatures
  4 adders
  An ooze (D:2)
  A worm (D:2)
  4 dart slugs
  2 leopard geckos (D:1)
  5 giant cockroaches
  9 goblins
  4 jackals (D:1)
  3 kobolds
  2 quokkas
  A ball python (D:1)
  2 bats
  4 frilled lizards
  10 rats
52 creatures vanquished.

Notes
Turn   | Place    | Note
-------+----------+-------------------------------------------
     0 | D:1      | WarriorsX the Draconian Ice Elementalist began the quest
                  | for the Orb.
     0 | D:1      | Reached XP level 1. HP: 14/14 MP: 3/3
   210 | D:1      | Reached XP level 2. HP: 9/20 MP: 3/5
   334 | D:1      | Reached skill level 3 in Spellcasting
   585 | D:1      | Reached XP level 3. HP: 22/26 MP: 0/7
   899 | D:2      | Reached skill level 4 in Spellcasting
   966 | D:2      | Reached XP level 4. HP: 33/33 MP: 6/10
  1132 | D:2      | Found a blossoming altar of Fedhas.
  1352 | D:2      | Found a snail-covered altar of Cheibriados.
  1453 | D:3      | Noticed Sigmund
  1462 | D:3      | HP: 1/33 [Sigmund/puff of flame (12)]
  1465 | D:3      | Slain by Sigmund

Skill      XL: |  1  2  3 |
---------------+----------+-----
Spellcasting   | 3 4 |  4.0
Dodging        | |  1.7
Stealth        | |  1.7
Conjurations   | |  1.0
Ice Magic      | |  3.7

Action                   |  1- 3 |  4- 6 || total
-------------------------+-------+-------++-------
Melee: Unarmed           |    91 |     3 ||    94
       Tailslap          |    10 |       ||    10
 Cast: Freeze            |    53 |    30 ||    83
  Use: Potion            |       |     1 ||     1
 Stab: Sleeping          |     7 |       ||     7
  Eat: Chunk             |       |     2 ||     2
Armor: Skin              |    27 |    10 ||    37
Dodge: Dodged            |    77 |    15 ||    92
       Deflected         |     2 |     1 ||     3
